 Dungeon Sprint DCSS version 0.30-a0-528-g8c47a4955b (webtiles) character file.

Game seed: 11832018162361925769

74 rocky1 the Spear-Bearer (level 4, -12/37 HPs)
             Began as a Minotaur Gladiator on Dec 23, 2022.
             Mangled by a water elemental (16 damage)
             ... in the Dungeon (Sprint III: "The Ten Rune Challenge").
             The game lasted 00:00:51 (318 turns).

rocky1 the Spear-Bearer (Minotaur Gladiator)         Turns: 318, Time: 00:00:51

Health: -12/37     AC:  4    Str: 20    XL:     4   Next: 9%
Magic:  3/3        EV: 12    Int:  5    God:
Gold:   27         SH:  0    Dex: 12    Spells: 3/3 levels left

rFire   . . .      SeeInvis .    a - +0 trident
rCold   . . .      Faith    .    (no shield)
rNeg    . . .      Spirit   .    b - +0 leather armour
rPois   .          Reflect  .    c - +0 hat
rElec   .          Harm     .    n - +0 cloak
rCorr   .          Rampage  .    (no gloves)
Will    .....      NoTele   +    (no boots)
Stlth   +                        (no amulet)
HPRegen 0.26/turn                (no ring)
MPRegen 0.08/turn                (no ring)

@: engulfed (cannot breathe)
A: horns 2, retaliatory headbutt
a: no special abilities


You were in the Dungeon.
You visited 1 branch You collected 27 gold pieces.

Inventory:

Hand Weapons
 a - a +0 trident (weapon)
Missiles
 d - 2 throwing nets (quivered)
 e - a javelin
Armour
 b - a +0 leather armour (worn)
 c - a +0 hat (worn)
 n - a +0 cloak (worn)
Wands
 m - a wand of polymorph (7)
Scrolls
 k - a scroll of blinking
 l - a scroll of vulnerability {unknown}
 o - a scroll of torment {unknown}
 p - 3 scrolls of identify
 r - a scroll of poison {unknown}
Potions
 f - 2 potions of curing
 g - a potion of heal wounds
 h - a potion of haste
 i - 2 potions of magic
 j - a potion of berserk rage
 q - a potion of lignification {unknown}
 s - 2 potions of flight
 t - 5 potions of mutation


   Skills:
 - Level 2.5 Fighting
 + Level 10.1 Polearms
 - Level 2.1 Throwing
 - Level 3.6 Dodging


You had 3 spell levels left.
You didn't know any spells.
Your spell library was empty.

Dungeon Overview and Level Annotations

Branches:
Dungeon (1/1)

Altars:


Innate Abilities, Weirdness & Mutations

You have a pair of horns on your head.
You reflexively headbutt those who attack you in melee.


Message History

There is an open door here.
You now have 18 gold pieces.
o - a scroll labelled QOMUOJ MOO;
p - a scroll of identify
f - 2 potions of curing (gained 1);
q - a metallic black potion You see here 2 potions of mutation.
r - a scroll labelled ROZOT EFOU;
p - 3 scrolls of identify (gained 2)
s - 2 potions of flight
Things that are here:
a potion of mutation; 2 potions of mutation You now have 27 gold pieces (gained 9).
You see here 2 potions of mutation.
t - 2 potions of mutation
t - 3 potions of mutation (gained 1);
t - 5 potions of mutation (gained 2)
There is an open door here.
You open the door.
A water elemental comes into view.
You reach to attack!
You closely miss the water elemental. You hit the water elemental.
You headbutt the water elemental.
The water elemental is moderately damaged.
The water elemental hits you!
The water elemental engulfs you in water!
You barely miss the water elemental.
The water elemental is moderately damaged.
Your lungs strain for air!
You hit the water elemental.
The water elemental is heavily damaged.
Your lungs strain for air!
The water elemental misses you. You furiously retaliate!
You headbutt the water elemental. You hit the water elemental.
The water elemental is severely damaged.
* * * LOW HITPOINT WARNING * * *
Your lungs strain for air!
The water elemental closely misses you.
You barely miss the water elemental. Your punch misses the water elemental.
The water elemental is severely damaged.
* * * LOW HITPOINT WARNING * * *
Your lungs strain for air!
The water elemental hits you!
You die...

▓▓▓▓▓▓▓▓ ▓▓▓ <..#...####
##.# ...#......#####..#
..##...)...#..#..#
##.##.##...#..#..# #+#+#
##.##.###..##'#..#......
#.####.##..###..@E.⌠....
.###..##..####...#...###
#.....##..###....# ⌠.#
###..##...##.....# .#
##..##....#.)....# #
#..###..##.#.....# #).#
#..#####....# ▓▓▓▓ ▓▓▓▓
▓▓▓▓▓▓


You could see a water elemental.

Vanquished Creatures
  Crazy Yiuf (D)
  Jessica (D)
  A human (D)
  2 rats (D)
5 creatures vanquished.

Notes
Turn   | Place    | Note
-------+----------+-------------------------------------------
     0 | D        | rocky1 the Minotaur Gladiator began the quest for the Orb.
     0 | D        | Reached XP level 1. HP: 18/18 MP: 0/0
    13 | D        | Reached skill level 4 in Polearms
    23 | D        | Noticed Jessica
    27 | D        | Killed Jessica
    28 | D        | Reached skill level 7 in Polearms
    28 | D        | Reached XP level 2. HP: 25/25 MP: 1/1
    57 | D        | Reached skill level 8 in Polearms
    57 | D        | Reached XP level 3. HP: 22/30 MP: 2/2
    93 | D        | Noticed Crazy Yiuf
   102 | D        | Killed Crazy Yiuf
   103 | D        | Reached skill level 10 in Polearms
   103 | D        | Reached XP level 4. HP: 37/37 MP: 3/3
   312 | D        | Noticed a water elemental
   318 | D        | Mangled by a water elemental

Illustrated notes

Levels and vault maps discovered:
D:        dungeon_sprint_mu [sprint_mu_entry_cave, sprint_mu_temple_rooms,
          sprint_mu_d1_spiders, sprint_mu_d2_genie, sprint_mu_d3_branching,
          sprint_mu_orc_legion, sprint_mu_elf_gauntlet, sprint_mu_hive_nellie,
          sprint_mu_lair_fedhas, sprint_mu_vaults_butterflies,
          sprint_mu_slime_circle, sprint_mu_swamp_cave, sprint_mu_shoals_archi,
          sprint_mu_blade_basic, sprint_mu_crypt_lich, sprint_mu_tomb_spiral,
          sprint_mu_vestibule_basic, sprint_mu_gehenna_hellfire,
          sprint_mu_dis_giant, sprint_mu_tartarus_statrot,
          sprint_mu_cocytus_islands, sprint_mu_zot1]

Skill      XL: |  1  2  3 |
---------------+----------+-----
Polearms       | 7 8 10 | 10.1
Fighting       | |  2.5
Throwing       | |  2.1
Dodging        | |  3.6

Action                   |  1- 3 |  4- 6 || total
-------------------------+-------+-------++-------
Melee: Trident           |    17 |     6 ||    23
       Headbutt          |     2 |     1 ||     3
       Unarmed           |     3 |       ||     3
Throw: Throwing net      |     2 |       ||     2
 Stab: Held in net/web   |     2 |       ||     2
Dodge: Dodged            |     7 |     2 ||     9

Table legend: (Time is in decaauts)
 A = Elapsed time spent in this place.
 B = Non-inter-level travel time spent in this place.
 C = Inter-level travel time spent in this place.
 D = Time resting spent in this place.
 E = Time spent auto-exploring this place.
 F = Levels seen in this place.
 G = Mean time per level.
                   A        B        C        D        E       F      G
               +--------+--------+--------+--------+--------+-----+--------+
         Total |    316 |    316 |      0 |    200 |     22 |   1 |  316.0 |
       Dungeon |    316 |    316 |      0 |    200 |     22 |   1 |  316.0 |
               +--------+--------+--------+--------+--------+-----+--------+

Top non-repeatable levels by time:
       D: 316 daAuts
